 Dungeon Crawl Stone Soup version 0.28-a0-401-ge240ad9e29 (webtiles) character file.

Game seed: 1844955201175504127

17069 lunkers the Grappler (level 12, -4/124 HPs)
             Began as a Troll Cinder Acolyte on Sept 4, 2021.
             Was a High Priest of Ignis.
             Slain by a five-headed hydra (12 damage)
             ... on level 1 of the Lair of Beasts.
             The game lasted 00:12:51 (10468 turns).

lunkers the Grappler (Troll Cinder Acolyte)        Turns: 10468, Time: 00:12:51

Health: -4/124     AC: 13    Str: 32    XL:     12   Next: 15%
Magic:  12/12      EV:  9    Int: 10    God:    Ignis [*****.]
Gold:   473        SH:  0    Dex:  8    Spells: 11/13 levels left

rFire   + . .      SeeInvis .     - Unarmed
rCold   . . .      Faith    .   (no shield)
rNeg    . . .      Spirit   .   y - +0 acid dragon scales
rPois   .          Reflect  .   B - +2 hat {Stlth+}
rElec   .          Harm     .   x - +2 cloak {Will+}
rCorr   +          Rampage  .   (gloves unavailable)
Will    +....                   (boots unavailable)
Stlth   ++........              (no amulet)
HPRegen 1.30/turn               b - +6 ring of strength
MPRegen 0.13/turn               g - ring of flight

@: flying, studying Throwing
A: large, unfitting armour, claws 3, regeneration 1, shaggy fur 1, tough skin 1
a: Renounce Religion, Sea of Fire, Foxfire Swarm, Rising Flame


You were on level 1 of the Lair of Beasts.
You worshipped Ignis.
Ignis was extremely pleased with you.
You visited 2 branches of the dungeon, and saw 12 of its levels.
You also visited: Ice Cave.

You collected 690 gold pieces.
You spent 217 gold pieces at shops.

Inventory:

Missiles
 h - 3 javelins
 i - 300 stones
 k - 6 atropa-tipped darts
 l - 16 boomerangs
 n - 35 poisoned darts (quivered)
 v - 4 large rocks
Armour
 a - a +1 robe
 o - +0 steam dragon scales
 x - a +2 cloak of willpower (worn)
 y - +0 acid dragon scales (worn)
 A - a +0 hat of willpower
 B - a +2 hat of stealth (worn)
Jewellery
 b - a +6 ring of strength (left claw)
 d - a ring of fire
 g - a ring of flight (right claw)
Wands
 u - a wand of flame (40)
 H - a wand of digging (5)
 I - a wand of polymorph (5)
Scrolls
 e - 5 scrolls of teleportation
 p - a scroll of identify
 r - 2 scrolls of fear
 z - 2 scrolls of amnesia
 D - 2 scrolls of brand weapon
 F - a scroll of fog
 G - a scroll of blinking
Potions
 c - 2 potions of brilliance
 f - 4 potions of heal wounds
 j - a potion of berserk rage
 m - 2 potions of flight
 q - 2 potions of might
 s - 4 potions of curing
 t - a potion of cancellation
 w - 2 potions of haste
 C - a potion of attraction
 E - a potion of magic


   Skills:
 + Level 9.5 Fighting
 - Level 10.0 Throwing
 * Level 14.7 Unarmed Combat
 - Level 1.0 Spellcasting
 - Level 2.1 Fire Magic


You had 11 spell levels left.
You knew the following spells:

 Your Spells              Type           Power      Damage    Failure   Level
p - Scorch                Fire           8%         2d5       26%         2

Your spell library contained the following spells:

 Spells                   Type           Power      Damage    Failure   Level
 Magic Dart               Conj           0%         1d3       38%         1
 Sandblast                Erth           0%         2d4       38%         1
 Call Imp                 Summ           0%         N/A       52%         2
 Passwall                 Tmut/Erth      0%         N/A       52%         2
 Mephitic Cloud           Conj/Pois/Air  0%         N/A       77%         3
 Stone Arrow              Conj/Erth      0%         3d7       77%         3
 Tukima's Dance           Hex            0%         N/A       77%         3
 Passage of Golubria      Tloc           N/A        N/A       99%         4
 Summon Lightning Spire   Summ/Air       0%         N/A       99%         4
 Yara's Violent Unravell  Hex/Tmut       0%         3d3       100%        5
 Malign Gateway           Summ/Tloc      0%         N/A       100%        7
 Storm Form               Tmut/Air       0%         N/A       100%        7
 Maxwell's Capacitive Co  Air            0%         ∞         100%        8
 Summon Horrible Things   Summ           0%         N/A       100%        8


Dungeon Overview and Level Annotations

Branches:
Dungeon (10/15)            Temple (0/1) D:5            Lair (2/6) D:10
    Orc (0/2) D:9           IceCv (visited)
  Swamp: Lair:2-4    Shoals: Lair:2-4     Snake: Lair:2-4    Spider: Lair:2-4

Altars:
Dithmenos
Elyvilon
Qazlal
Ru
Uskayaw
Vehumet

Shops:
D:10 [

Annotations:
D:5 2 transporters, FilthyApe's ghost, novice MiFi
Lair:2 3 runed translucent doors


Innate Abilities, Weirdness & Mutations

You are too large for most types of armour.
You have claws for hands.
Your natural rate of healing is unusually fast.
You are covered in fur. (AC +1)
You have tough skin. (AC +1)


Message History

The five-headed hydra bites you.
* * * LOW HITPOINT WARNING * * *
The five-headed hydra bites you but does no damage. x2
Throw: 16 boomerangs
Press: ? - help, Shift-Dir - straight line, f/p - five-headed hydra
Aim: a five-headed hydra (moderately wounded, 81% to hit)
You throw a boomerang.
The boomerang hits the five-headed hydra.
The five-headed hydra is moderately wounded.
The five-headed hydra bites you.
* * * LOW HITPOINT WARNING * * *
The five-headed hydra bites you.
* * * LOW HITPOINT WARNING * * *
The five-headed hydra bites you!
* * * LOW HITPOINT WARNING * * *
The five-headed hydra bites you!
* * * LOW HITPOINT WARNING * * *
The five-headed hydra bites you but does no damage.
Throw: 16 boomerangs
Press: ? - help, Shift-Dir - straight line, f/p - five-headed hydra
Aim: a five-headed hydra (moderately wounded, 81% to hit)
You throw a boomerang.
The boomerang barely misses the five-headed hydra.
The five-headed hydra bites you.
* * * LOW HITPOINT WARNING * * *
The five-headed hydra bites you!
* * * LOW HITPOINT WARNING * * *
The five-headed hydra bites you but does no damage.
The five-headed hydra bites you.
* * * LOW HITPOINT WARNING * * *
The five-headed hydra bites you.
* * * LOW HITPOINT WARNING * * *
Throw: 16 boomerangs
Press: ? - help, Shift-Dir - straight line, f/p - five-headed hydra
Aim: a five-headed hydra (moderately wounded, 81% to hit)
You throw a boomerang.
The boomerang hits the five-headed hydra.
The five-headed hydra is heavily wounded.
The five-headed hydra bites you!
You die...

# ###
################.#
#@D...#..#.#....##
####..............
######.........
#####....# #.....#
###...# #.#.##
##..# #..#


You could see a five-headed hydra.

Vanquished Creatures
  Gastronok (Lair:1)
  A two-headed ogre (D:7)
  A lindwurm (Lair:2)
  A cyclops (D:9)
  A black mamba (Lair:2)
  2 gargoyles
  A cane toad (Lair:1)
  10 komodo dragons
  A rime drake (IceCv)
  Prince Ribbit (D:5)
  Grinder (D:5)
  27 yaks
  A wyvern (D:10)
  A wraith (D:10)
  2 steam dragons
  Menkaure (D:5)
  2 acid dragons (D:10)
  5 water moccasins
  An ice beast (D:8)
  2 orc warriors
  A swamp drake (Lair:2)
  5 black bears
  A sky beast (D:6)
  3 ogres
  5 centaurs
  2 phantoms (D:5)
  2 kobold brigands (D:9)
  5 bullfrogs
  A scorpion (D:5)
  2 water moccasin skeletons
  3 killer bees (D:9)
  2 lindwurm simulacra (IceCv)
  8 wights
  2 howler monkeys
  An electric eel (Lair:2)
  A bullfrog zombie (D:6)
  4 centaur zombies
  A hound (D:5)
  A bullfrog skeleton (D:5)
  3 jellies
  A centaur skeleton (D:7)
  5 orc priests
  12 iguanas
  Ijyb (D:5)
  4 orc wizards
  A hound skeleton (D:4)
  A howler monkey zombie (D:7)
  6 gnolls
  3 acid dragon simulacra (IceCv)
  5 adders
  A shadow imp (D:8)
  A white imp (D:8)
  An ufetubus (D:4)
  A steam dragon simulacrum (IceCv)
  4 worms
  3 dart slugs
  33 orcs
  3 ball pythons
  6 endoplasms
  A giant cockroach (D:4)
  13 goblins
  10 hobgoblins
  20 kobolds
  2 quokkas (D:3)
  A bat (D:1)
  17 frilled lizards
  5 rats
277 creatures vanquished.

Vanquished Creatures (others)
  A bush (Lair:2)
  35 fungi
  43 plants
79 creatures vanquished.

Grand Total: 356 creatures vanquished

Notes
Turn   | Place    | Note
-------+----------+-------------------------------------------
     0 | D:1      | lunkers the Troll Cinder Acolyte began the quest for the
                  | Orb.
     0 | D:1      | Reached XP level 1. HP: 22/22 MP: 1/1
    73 | D:1      | Reached XP level 2. HP: 25/29 MP: 2/2
   297 | D:1      | Learned a level 2 spell: Scorch
   691 | D:2      | Reached XP level 3. HP: 32/36 MP: 3/3
   695 | D:2      | Reached skill level 4 in Unarmed Combat
   759 | D:2      | Found a stormy altar of Qazlal.
  1646 | D:3      | Reached XP level 4. HP: 44/45 MP: 4/4
  2555 | D:4      | Reached skill level 5 in Unarmed Combat
  2555 | D:4      | Reached XP level 5. HP: 45/53 MP: 5/5
  2737 | D:4      | Found a white marble altar of Elyvilon.
  2883 | D:4      | Noticed a centaur
  2892 | D:4      | Killed a centaur
  2919 | D:4      | Found a stormy altar of Qazlal.
  2979 | D:4      | Reached XP level 6. HP: 61/62 MP: 6/6
  3233 | D:5      | Entered Level 5 of the Dungeon
  3245 | D:5      | Reached skill level 6 in Unarmed Combat
  3315 | D:5      | Noticed Prince Ribbit
  3326 | D:5      | Killed Prince Ribbit
  3327 | D:5      | Reached skill level 7 in Unarmed Combat
  3327 | D:5      | Reached XP level 7. HP: 56/71 MP: 7/7
  3391 | D:5      | Found a hide-covered altar of Uskayaw.
  3391 | D:5      | Noticed Menkaure
  3391 | D:5      | Noticed Grinder
  3396 | D:5      | Killed Menkaure
  3408 | D:5      | Killed Grinder
  3409 | D:5      | Reached skill level 5 in Fighting
  3409 | D:5      | Reached skill level 8 in Unarmed Combat
  3468 | D:5      | Found a transporter.
  3491 | D:5      | Found a transporter.
  3508 | D:5      | Reached XP level 8. HP: 75/80 MP: 8/8
  3591 | D:5      | Found a staircase to the Ecumenical Temple.
  3703 | D:5      | Reached skill level 9 in Unarmed Combat
  4069 | D:5      | Noticed Ijyb
  4080 | D:5      | Killed Ijyb
  4139 | D:5      | Noticed FilthyApe's ghost (novice MiFi)
  4340 | D:6      | Reached skill level 1 in Throwing
  4571 | D:6      | Reached XP level 9. HP: 89/89 MP: 9/9
  4578 | D:6      | Reached skill level 10 in Unarmed Combat
  5688 | D:7      | Noticed a two-headed ogre
  5695 | D:7      | HP: 3/92 [two-headed ogre (9)]
  5697 | D:7      | Killed a two-headed ogre
  5932 | D:7      | Reached skill level 11 in Unarmed Combat
  6875 | D:8      | Reached skill level 5 in Throwing
  6875 | D:8      | Reached XP level 10. HP: 96/102 MP: 10/10
  7235 | D:8      | Found a radiant altar of Vehumet.
  7595 | D:8      | Reached skill level 12 in Unarmed Combat
  7637 | D:9      | Found a staircase to the Orcish Mines.
  7959 | D:9      | Noticed a cyclops
  7964 | D:9      | Killed a cyclops
  8102 | D:9      | Noticed a gargoyle
  8121 | D:9      | Killed a gargoyle
  8219 | D:9      | Found a sacrificial altar of Ru.
  8245 | D:10     | Entered Level 10 of the Dungeon
  8283 | D:10     | Reached XP level 11. HP: 98/111 MP: 11/11
  8336 | D:10     | Reached skill level 13 in Unarmed Combat
  8426 | D:10     | Found a staircase to the Lair.
  8558 | D:10     | Found Ykaet's Antique Armour Boutique.
  8586 | D:10     | Bought a glowing hat for 217 gold pieces
  8680 | D:10     | Found a shadowy altar of Dithmenos.
  8876 | Lair:1   | Entered Level 1 of the Lair of Beasts
  8879 | Lair:1   | Noticed Gastronok
  9038 | Lair:1   | Killed Gastronok
  9039 | Lair:1   | Reached skill level 14 in Unarmed Combat
  9271 | Lair:1   | Found a frozen archway.
  9355 | IceCv    | Entered an ice cave
 10131 | Lair:2   | Noticed a lindwurm
 10131 | Lair:2   | Found a runed translucent gate.
 10131 | Lair:2   | Found a runed translucent gate.
 10131 | Lair:2   | Found a runed translucent gate.
 10137 | Lair:2   | Killed a lindwurm
 10222 | Lair:2   | Reached XP level 12. HP: 105/124 MP: 12/12
 10347 | Lair:2   | Reached skill level 10 in Throwing
 10449 | Lair:2   | Noticed a five-headed hydra
 10468 | Lair:1   | Slain by a five-headed hydra

Illustrated notes

Levels and vault maps discovered:
D:1:      saegor_arrival_simple_a, layout_basic
D:2:      layout_basic, basic_altar
D:3:      layout_basic, kennysheep_generic_room_5
D:4:      layout_cave_pods, elyvilon_altar_4, grunt_qazlal_clouds
D:5:      layout_basic, kennysheep_little_box, minmay_temple_entry_glass,
          gammafunk_ghost_abyssal_escape, minmay_manual_mess, uniq_ijyb,
          uniq_grinder, uniq_prince_ribbit1, uniq_menkaure
D:6:      layout_layer_cave, corexii_shack
D:7:      layout_basic, minmay_misc_feat_tiny
D:8:      layout_basic, kennysheep_mini_moat
D:9:      layout_rooms, mainiacjoe_overflow_alcove_1, orc_0_dummy
D:10:     layout_rooms, general_overflow_altar, due_lair_maze_entry_diamond,
          serial_shops, nicolae_shop_statue_plus
Lair:1:   layout_cave_pods, portal_ice_cave_entry_ice_simulacra, uniq_gastronok
Lair:2:   lemuel_reptile_caves, layout_loops_ring, minmay_swamp_entry_worms,
          minmay_snake_entry_guardpost_small, gammafunk_ghost_split,
          grunt_forest_large_clearing_hut, infiniplex_staircase_pool,
          serial_bayou_shore_a

Skill      XL: |  1  2  3  4  5  6  7  8  9 10 11 12 |
---------------+-------------------------------------+-----
Unarmed Combat | 4 5 7 8 9 11 12 14 | 14.7
Fighting       | 3 4 5 6 7 8 9 |  9.5
Throwing       | 2 5 7 9 10 | 10.0
Spellcasting   | |  1.0
Fire Magic     | |  2.1

Action                   |  1- 3 |  4- 6 |  7- 9 | 10-12 || total
-------------------------+-------+-------+-------+-------++-------
Melee: Unarmed           |    99 |    91 |   208 |   321 ||   719
       Punch             |     1 |     2 |     7 |    20 ||    30
Throw: Dart              |       |    50 |    83 |    81 ||   214
       Javelin           |       |     1 |       |       ||     1
       Boomerang         |       |       |       |     8 ||     8
 Cast: Scorch            |     1 |       |       |       ||     1
Evoke: Wand              |       |       |       |     1 ||     1
  Use: Scroll            |       |       |    10 |    13 ||    23
Armor: Robe              |    35 |    17 |    38 |       ||    90
       Steam dragon scal |       |       |    15 |    48 ||    63
       Acid dragon scale |       |       |       |    88 ||    88
Dodge: Dodged            |    36 |    41 |    71 |   121 ||   269

Table legend: (Time is in decaauts)
 A = Elapsed time spent in this place.
 B = Non-inter-level travel time spent in this place.
 C = Inter-level travel time spent in this place.
 D = Time resting spent in this place.
 E = Time spent auto-exploring this place.
 F = Levels seen in this place.
 G = Mean time per level.
                   A        B        C        D        E       F      G
               +--------+--------+--------+--------+--------+-----+--------+
         Total |  10322 |   9967 |    355 |    317 |   7810 |  13 |  794.0 |
       Dungeon |   8888 |   8581 |    307 |    235 |   6888 |  10 |  888.8 |
          Lair |   1282 |   1235 |     47 |      4 |    920 |   2 |  641.0 |
      Ice Cave |    151 |    151 |      0 |     78 |      2 |   1 |  151.0 |
               +--------+--------+--------+--------+--------+-----+--------+

Top non-repeatable levels by time:
     D:6: 1275 daAuts
     D:8: 1149 daAuts
     D:5: 1038 daAuts
  Lair:1: 974 daAuts
     D:3: 915 daAuts
     D:4: 847 daAuts
     D:7: 827 daAuts
     D:1: 825 daAuts
    D:10: 733 daAuts
     D:2: 668 daAuts
     D:9: 607 daAuts
  Lair:2: 308 daAuts
   IceCv: 151 daAuts
